[Event "*** Titled Tuesday Blitz"]
[Site "Chess.com"]
[Date "2020.11.03"]
[Round "11"]
[White "PetrolulSah"]
[Black "kot60"]
[Result "1-0"]
[WhiteElo "2203"]
[BlackElo "2352"]
[TimeControl "180+1"]
[EndTime "12:10:36 PST"]
[Termination "PetrolulSah won by resignation"]

1. d4 Nf6 2. g3 g6 3. Bg2 Bg7 4. Nf3 O-O 5. O-O d6 6. c4 Na6 7. Nc3 c5 8. d5 Nc7 9. e4 Nd7 10. Re1 a6 11. Bf4 f6 12. h4 b5 13. Nd2 Rb8 14. Qe2 Rf7 15. h5 Nb6 16. hxg6 hxg6 17.
a4 bxc4 18. Nxc4 Nxc4 19. Qxc4 Rxb2 20. Rab1 Rxb1 21. Rxb1 Bd7 22. Rb7 Qc8 23. Rb6 Rf8 24. a5 Nb5 25. Ne2 Qa8 26. Be3 Rb8 27. Nf4 Kh7 28.
Qd3 Rxb6 29. axb6 Qb8 30. e5 Bf5 31. Be4 Bxe4 32. Qxe4 f5 33. Qg2 Bxe5 34. Qh3+ Kg7 35. Ne6+ Kg8 36. Qh6 Qxb6 37. Qxg6+ Kh8 38. Qh6+ Kg8 39.
Qf8+ Kh7 40. Qxf5+ Kg8 41. Qg6+ Kh8 42. Bf4 Bf6 43.
Nf8 1-0

[Event "*** Titled Tuesday Blitz"]
[Site "Chess.com"]
[Date "2020.11.03"]
[Round "11"]
[White "nitpicker"]
[Black "tylityli"]
[Result "1/2-1/2"]
[WhiteElo "2157"]
[BlackElo "2272"]
[TimeControl "180+1"]
[EndTime "12:10:38 PST"]
[Termination "Game drawn by repetition"]

1. d4 Nf6 2. c4 e6 3. g3 Bb4+ 4. Bd2 a5 5. Bxb4 axb4 6. Bg2 Nc6 7. e3 d6 8. Ne2 O-O 9. O-O Qe7 10. Qb3 d5 11. Nd2 Na5 12. Qc2 dxc4 13. Nxc4 Nxc4 14.
Qxc4 e5 15. Rfc1 exd4 16. Nxd4 c6 17. Nb3 Be6 18. Qc5 Qxc5 19. Nxc5 Ra7 20. Nxe6 fxe6 21. Rc4 b3 22. a3 Rd8 23. Rb4 Rd2 24. Rxb3 Nd5 25.
e4 Nf6 26. h3 Kf7 27. Kf1 Ke7 28. Ke1 Rd4 29. Ke2 Nd7 30. Rd1 c5 31. f4 b6 32.
Rxd4 cxd4 33. Rb4 e5 34. fxe5 Nxe5 35. Rxb6 Rc7 36. Rb4 Rc2+ 37. Kf1 d3 38. Rd4 Rxb2 39. h4 Ra2 40. a4 g6 41. Bh3 h6 42. Rd5 Kf6 43. Rd6+ Kg7 44. Rd5 Kf6 45. Rd6+ Kg7 46. Rd5 Kf6 1/2-1/2

[Event "*** Titled Tuesday Blitz"]
[Site "Chess.com"]
[Date "2020.11.03"]
[Round "11"]
[White "MF1966Idrisov"]
[Black "andriipalchuk"]
[Result "1-0"]
[WhiteElo "2372"]
[BlackElo "2429"]
[TimeControl "180+1"]
[EndTime "12:10:39 PST"]
[Termination "MF1966Idrisov won on time"]

1. Nf3 Nf6 2. b3 d5 3. Bb2 c5 4. e3 Nc6 5. d4 g6 6. Bd3 Bg7 7. h3 O-O 8. O-O Nd7 9. Nbd2 e5 10. dxe5 Ndxe5 11. Nxe5 Nxe5 12. Qc1 Qf6 13. Rb1 Re8 14. f4 Nxd3 15. cxd3 Qe7 16. e4 dxe4 17. Nxe4 b6 18. Bxg7 Kxg7 19. Qc3+ f6 20. Rbe1 Bb7 21. f5 Qe5 22.
Qxe5 Rxe5 23. Nd6 Bd5 24. Rxe5 fxe5 25. f6+ Kf8 26. Re1 Rd8 27. Nb5 Kf7 28. Rxe5 Kxf6 29.
Re3 Rd7 30. Kf2 Bc6 31. Nc3 Rd4 32. g4 h6 33. Ne2 Rd6 34. Kg3 Bb5 35. Nc1 Ba6 36.
h4 g5 37. hxg5+ hxg5 38. Kf3 Bb7+ 39. Ke2 Rd4 40. Rg3 Bc8 41. Kf3 Rf4+ 42. Ke3 Rxg4 43. Rf3+ Ke7 44. Ne2 Bb7 45. Rf5 Bc8 46. Re5+ Kd6 47. Re8 Kd7 48. Rg8 Rg2 49. Nc3 Bb7 50. Rg7+ Kc8 51. Nb5 Ba6 52. Nxa7+ Kd8 53. Nc6+ Ke8 54.
Ne5 Rg3+ 55. Ke4 Bb5 56. Kf5 Re3 57. Ke6 1-0

[Event "*** Titled Tuesday Blitz"]
[Site "Chess.com"]
[Date "2020.11.03"]
[Round "11"]
[White "Mr_Sinigami"]
[Black "Witik"]
[Result "1-0"]
[WhiteElo "2526"]
[BlackElo "2610"]
[TimeControl "180+1"]
[EndTime "12:10:40 PST"]
[Termination "Mr_Sinigami won by resignation"]

1. d4 d5 2. Nf3 e6 3. Bf4 Bd6 4. Bg3 f5 5. e3 Nf6 6. c4 O-O 7. Nc3 c6 8. Be2 Ne4 9. Bxd6 Qxd6 10. g3 Nd7 11. O-O b6 12. Rc1 Bb7 13. Ne1 Rf6 14.
Ng2 Rh6 15. Nxe4 dxe4 16. f4 exf3 17. Bxf3 e5 18. c5 Qe6 19. d5 Qf7 20. cxb6 cxd5 21. Rc7 e4 22. Rxb7 exf3 23. Rxf3 Rxb6 24. Rxb6 axb6 25.
a3 Ne5 26. Rf1 Nc4 27. Qd4 Re8 28. Rd1 g6 29. Kf2 Rd8 30. Nf4 Nd6 31. Nxd5 Ne4+ 32.
Kg2 h6 33. Nf6+ Nxf6 34. Qxd8+ Kg7 35. Rd6 g5 36. Rxb6 Nd5 37. Rd6 Nxe3+ 38. Kg1 Qb3 39.
Qe7+ Qf7 40. Qxe3 1-0

[Event "*** Titled Tuesday Blitz"]
[Site "Chess.com"]
[Date "2020.11.03"]
[Round "11"]
[White "ftorodent"]
[Black "KuzubovYuriy"]
[Result "1-0"]
[WhiteElo "2695"]
[BlackElo "2827"]
[TimeControl "180+1"]
[EndTime "12:10:43 PST"]
[Termination "ftorodent won on time"]

1. d4 g6 2. c4 Bg7 3. e4 d6 4. Nc3 Nc6 5. Be3 e5 6. d5 Nd4 7. Nge2 Nxe2 8. Bxe2 f5 9. f3 Bh6 10. Bf2 Nf6 11. O-O O-O 12. c5 Rf7 13. Qb3 Kh8 14. Rad1 b6 15. cxd6 cxd6 16. a4 f4 17. Rc1 g5 18. h3 Bf8 19. Nb5 h5 20. Qc2 Ba6 21. Rfe1 Rg7 22. Nc7 Bxe2 23. Ne6 Qd7 24.
Qxe2 g4 25. Bh4 Nh7 26. Rc7 Qxc7 27. Nxc7 Rxc7 28. fxg4 Rac8 29. gxh5 Rc2 30. Qg4 Bh6 31. Qg6 f3 32. Qxh6 Rxg2+ 33. Kf1 Rcc2 34. Qxd6 f2 35.
Qxe5+ Kg8 36. Qe6+ Kh8 37. Bf6+ 1-0

[Event "*** Titled Tuesday Blitz"]
[Site "Chess.com"]
[Date "2020.11.03"]
[Round "11"]
[White "Javylavilla"]
[Black "Walter_White_Poland"]
[Result "0-1"]
[WhiteElo "2245"]
[BlackElo "2359"]
[TimeControl "180+1"]
[EndTime "12:10:43 PST"]
[Termination "Walter_White_Poland won by checkmate"]

1. e4 e5 2. Nf3 Nc6 3. Bb5 a6 4. Ba4 Nf6 5. d3 d6 6. O-O g6 7. c3 Bg7 8. Re1 O-O 9. d4 Bg4 10. d5 Nb8 11. h3 Bc8 12. Nbd2 Nbd7 13. b4 a5 14. Bc2 b6 15. Nf1 Nh5 16. g3 Kh8 17.
Bg5 Bf6 18. Bxf6+ Qxf6 19. Ne3 Qg7 20. Kg2 Rg8 21. h4 Ndf6 22. Ng5 h6 23. Nf3 Ng4 24. Nh2 Nxh2 25. Kxh2 Bd7 26. a3 Ra7 27. c4 Rga8 28.
Rb1 axb4 29. axb4 Ra3 30. c5 bxc5 31. bxc5 Qf6 32. Kg2 Rc3 33. cxd6 cxd6 34. Rb7 Bc8 35. Rb6 Kh7 36. Bd3 Ra2 37. Re2 Raa3 38. Bb5 Nf4+ 39.
gxf4 exf4 40. Rc2 fxe3 41. f3 Rxc2+ 42. Qxc2 Qxh4 43. Qxc8 Ra2+ 44. Kf1 Qf2# 0-1

[Event "*** Titled Tuesday Blitz"]
[Site "Chess.com"]
[Date "2020.11.03"]
[Round "11"]
[White "MashaFromRussia"]
[Black "bazar-wokzal"]
[Result "1/2-1/2"]
[WhiteElo "2375"]
[BlackElo "2502"]
[TimeControl "180+1"]
[EndTime "12:10:46 PST"]
[Termination "Game drawn by repetition"]

1. d4 Nf6 2. c4 Nc6 3. Nf3 e6 4.
g3 Bb4+ 5. Bd2 Qe7 6. Bg2 Bxd2+ 7. Nbxd2 d6 8. O-O e5 9. d5 Nb8 10. e4 Nbd7 11. Qc2 a5 12. a3 a4 13. b4 axb3 14. Nxb3 b6 15. a4 Nc5 16. Nxc5 bxc5 17.
a5 O-O 18. Rfb1 Ba6 19. Nd2 g6 20. Qa4 Qd7 21. Qxd7 Nxd7 22. Bh3 f5 23. g4 fxe4 24. g5 Rfd8 25. Nxe4 Nf8 26. Bf1 Kg7 27. Rb3 h6 28. h4 Bc8 29. Be2 Ra7 30. Rb8 Nd7 31. Rb5 Ba6 32. Rb3 Rda8 33. Bg4 Bc8 34. Rab1 Rxa5 35.
Bxd7 Bxd7 36. Rb7 R5a7 37. Rxa7 Rxa7 38. Rb8 Bf5 39. Nf6 hxg5 40. hxg5 Bd3 41. Rg8+ Kf7 42. Rh8 Bxc4 43. Rh7+ Kf8 44. Kh2 Ra2 45. Kg3 Rd2 46. Rh8+ Kg7 47. Rh7+ Kf8 48. Rh8+ Kg7 49. Rh7+ Kf8 1/2-1/2

[Event "*** Titled Tuesday Blitz"]
[Site "Chess.com"]
[Date "2020.11.03"]
[Round "11"]
[White "Frogo47"]
[Black "Vi_Los"]
[Result "0-1"]
[WhiteElo "2447"]
[BlackElo "2359"]
[TimeControl "180+1"]
[EndTime "12:10:46 PST"]
[Termination "Vi_Los won by resignation"]

1. d4 Nf6 2. c4 e6 3. Nc3 Bb4 4.
f3 d5 5. a3 Bxc3+ 6. bxc3 c5 7. cxd5 Nxd5 8. dxc5 f5 9. Nh3 O-O 10. Nf4 Nxf4 11. Bxf4 Qf6 12. Qd4 Nd7 13. Bd6 Re8 14.
Qxf6 Nxf6 15. e3 Bd7 16. Rb1 Bc6 17. c4 Rad8 18. Be2 Rd7 19. O-O e5 20. Rfd1 Kf7 21. Kf2 Ke6 22. Ke1 Red8 23. g3 Ne8 24. Bf8 Kf7 25. Rxd7+ Rxd7 26. Bd6 Nxd6 27. cxd6 Rxd6 28. c5 Rd7 29. f4 Kf6 30. Bb5 Bxb5 31. Rxb5 exf4 32.
exf4 Ke6 33. Ra5 a6 34. c6 bxc6 35. Rxa6 Kd5 36. Kd2 Rb7 37. Kc3 Re7 38. Ra5+ c5 39.
Kd3 Re1 40. Ra7 Rd1+ 41. Kc2 Rh1 42. Rxg7 Rxh2+ 43. Kc3 Rh3 44. a4 h5 45. Rd7+ Kc6 46. Rd3 h4 47. gxh4 Rxh4 48. Rf3 Rh1 49. Re3 Ra1 50.
Kb3 c4+ 51. Kb4 Kd5 52. Re5+ Kd4 53. Rxf5 Rb1+ 54. Ka3 c3 55. Rf8 c2 56. Rd8+ Ke4 57.
Rc8 c1=Q+ 58. Rxc1 Rxc1 59. Kb4 Kd5 60. Kb5 Rb1+ 61.
Ka6 Kc6 62. a5 Rb5 0-1

[Event "*** Titled Tuesday Blitz"]
[Site "Chess.com"]
[Date "2020.11.03"]
[Round "11"]
[White "GregShahade"]
[Black "IceBelka"]
[Result "1-0"]
[WhiteElo "2653"]
[BlackElo "2273"]
[TimeControl "180+1"]
[EndTime "12:10:47 PST"]
[Termination "GregShahade won by resignation"]

1. e4 c6 2. Nc3 d5 3. Nf3 Nf6 4. e5 Ne4 5. Ne2 Qb6 6. d4 e6 7. Ng3 Nxg3 8. hxg3 c5 9. Bd3 Nc6 10. dxc5 Bxc5 11. O-O Bd7 12. Qe2 Nd4 13. Nxd4 Bxd4 14. c3 Bc5 15. b4 Be7 16. Be3 Qc7 17. Bd4 O-O 18. Rac1 a5 19. c4 dxc4 20. Bxc4 Qb8 21. b5 Rc8 22. Rfd1 a4 23. Bb6 Be8 24. Bd3 Ba3 25.
Rxc8 Qxc8 26. Be4 Bc5 27. Rd8 Bxb6 28. Rxc8 Rxc8 29. Bxb7 Rc1+ 30. Kh2 h5 31. Bc6 Bxf2 32. Qxf2 Bxc6 33. bxc6 Rxc6 34. Qd4 Ra6 35. Qd8+ Kh7 36.
Qc7 Kg6 37. Qb7 Ra5 38. Qe4+ Kh6 39. Qe3+ Kg6 40. Qd3+ f5 41. exf6+ Kxf6 42. Qc3+ Re5 43. Qd4 a3 44. Qc3 Kf5 45. Qf3+ Kg6 46. Qxa3 1-0

[Event "*** Titled Tuesday Blitz"]
[Site "Chess.com"]
[Date "2020.11.03"]
[Round "11"]
[White "PIwan"]
[Black "Xeniya2005"]
[Result "1-0"]
[WhiteElo "2530"]
[BlackElo "2394"]
[TimeControl "180+1"]
[EndTime "12:10:48 PST"]
[Termination "PIwan won by resignation"]

1. c4 e5 2. Nc3 Nc6 3. Nf3 Bb4 4. Qc2 Bxc3 5. Qxc3 d6 6. d4 exd4 7. Nxd4 Nxd4 8. Qxd4 f6 9. e4 Ne7 10. Be2 O-O 11. O-O Be6 12. c5 Nc6 13. Qc3 Qe7 14. Be3 d5 15. exd5 Bxd5 16. Rfd1 Bf7 17. Bf3 Rad8 18.
b4 Ne5 19. Bxb7 c6 20. Ba6 Bd5 21. Bf1 Qe6 22. a4 Qg4 23. Kh1 Nf3 24. Rxd5 Rxd5 25. gxf3 Qh4 26. Bc4 Qh5 27. Bxd5+ cxd5 28. Bd4 Re8 29.
c6 Qf5 30. c7 Kf7 31. Rc1 Rc8 32. Bxa7 Kg8 33. Bd4 h6 34. b5 Kh7 35. b6 h5 36. Kg1 h4 37. b7 Rxc7 38. Qxc7 Qg6+ 39. Kf1 Qd3+ 40. Ke1 Qxd4 41. Qc2+ g6 42. b8=Q Qb4+ 43.
Qxb4 1-0

[Event "*** Titled Tuesday Blitz"]
[Site "Chess.com"]
[Date "2020.11.03"]
[Round "11"]
[White "ZverevLev"]
[Black "tsaruk_maks"]
[Result "0-1"]
[WhiteElo "2307"]
[BlackElo "2588"]
[TimeControl "180+1"]
[EndTime "12:10:51 PST"]
[Termination "tsaruk_maks won on time"]

1. e4 e5 2. Nf3 Nc6 3. Bb5 a6 4.
Ba4 Nf6 5. d3 b5 6. Bb3 Be7 7.
c3 O-O 8. Nbd2 d5 9. O-O d4 10. cxd4 exd4 11. Re1 Be6 12. Bxe6 fxe6 13. h3 Nd7 14.
Nf1 e5 15. Ng3 g6 16. Bh6 Rf7 17. Rc1 Na5 18. a3 c5 19. Re2 c4 20. dxc4 Nxc4 21. Qd3 a5 22. Rec2 a4 23. Kh2 Nc5 24. Qd1 Bf6 25.
Rxc4 bxc4 26. Rxc4 Rc8 27. Ne1 Nb3 28. Qc2 Rfc7 29.
Rxc7 Qxc7 30. Qe2 Bg7 31. Bxg7 Kxg7 32. Qg4 Rf8 33. Nd3 Nc5 34. Nxc5 Qxc5 35. Nf5+ Kh8 36.
Nh4 Qd6 37. Qg5 Qf6 38. Qh6 Qf4+ 39. Qxf4 exf4 40. Nf3 d3 41. Nd2 Rb8 0-1

[Event "*** Titled Tuesday Blitz"]
[Site "Chess.com"]
[Date "2020.11.03"]
[Round "11"]
[White "anpospan"]
[Black "kidagent"]
[Result "0-1"]
[WhiteElo "2369"]
[BlackElo "2305"]
[TimeControl "180+1"]
[EndTime "12:10:51 PST"]
[Termination "kidagent won by resignation"]

1. Nf3 d5 2. b3 Nf6 3. Bb2 c5 4. e3 Nc6 5. Bb5 Bd7 6. O-O e6 7. a4 Bd6 8. Bxc6 Bxc6 9. Ne5 O-O 10. f4 Nd7 11. Nxc6 bxc6 12. Qg4 e5 13. f5 f6 14. d3 Rf7 15. Nd2 Rb8 16. e4 Qa5 17.
Rf2 c4 18. Kh1 c3 19. Bc1 cxd2 20. Bxd2 Qc5 21. Be1 dxe4 22. dxe4 Qd4 23. Rd1 Qc5 24. b4 Rxb4 25. Bxb4 Qxb4 26. Rfd2 Bf8 27. Rxd7 Rxd7 28. h3 Rxd1+ 29. Qxd1 Qxe4 30. Qd7 h5 31. Qe6+ Kh7 32.
Qe8 Qxf5 33. Qxf8 Qxc2 34. Qe8 Kh6 35. Qh8+ Qh7 36. Qd8 Qb1+ 37. Kh2 Kg5 38. Qd2+ Kg6 39. Qd7 Qf5 40. Qxc6 e4 41. Qe8+ Kg5 42. a5 Qe5+ 43. Qxe5+ fxe5 44. Kg3 h4+ 45. Kf2 Kf4 46. Ke2 Kg3 47.
Ke3 Kxg2 0-1

[Event "*** Titled Tuesday Blitz"]
[Site "Chess.com"]
[Date "2020.11.03"]
[Round "11"]
[White "RobertoJBM"]
[Black "Mikhail_Golubev"]
[Result "1-0"]
[WhiteElo "2796"]
[BlackElo "2579"]
[TimeControl "180+1"]
[EndTime "12:10:52 PST"]
[Termination "RobertoJBM won by resignation"]

1. d4 Nf6 2. c4 g6 3. Nc3 Bg7 4. e4 d6 5. Nf3 O-O 6. Be2 e5 7. O-O Nc6 8. d5 Ne7 9. b4 Ne8 10. c5 f5 11. Nd2 Nf6 12. f3 f4 13. Nc4 g5 14. a4 Ng6 15. Ba3 h5 16. b5 dxc5 17.
Bxc5 Rf7 18. Qb3 g4 19. Rfd1 Nd7 20. Bb4 Qh4 21. d6 g3 22. h3 Nf6 23. Bf1 Be6 24.
Nd5 cxd6 25. Nxd6 Rd7 26. Nf5 Qg5 27. Bc4 Nxd5 28. Bxd5 Rxd5 29. Rxd5 Bxd5 30. Qxd5+ Kh7 31. Qxb7 Qf6 32. Rd1 Qb6+ 33. Qxb6 axb6 34. Rd7 Rxa4 35. Rxg7+ Kh8 36. Bc3 Rc4 37. Rxg6 Rxc3 38. Kf1 Rc1+ 39. Ke2 Rc2+ 40. Kd3 Rxg2 41. Rg5 Rf2 42. Rxh5+ Kg8 43. Nh4 Rh2 44. Rg5+ Kf7 45. Rxe5 Rxh3 46. Rf5+ Ke7 47.
Rxf4 Rh2 48. Rg4 Ke6 49. Ke3 Kd6 50. Nf5+ Kc5 51. Nxg3 1-0

[Event "*** Titled Tuesday Blitz"]
[Site "Chess.com"]
[Date "2020.11.03"]
[Round "11"]
[White "redbaron8888"]
[Black "PaulfromSPb"]
[Result "0-1"]
[WhiteElo "2544"]
[BlackElo "2705"]
[TimeControl "180+1"]
[EndTime "12:10:52 PST"]
[Termination "PaulfromSPb won on time"]

1. d4 Nf6 2. Bg5 c5 3. d5 d6 4.
Nc3 Nbd7 5. e4 g6 6. f4 Bg7 7. Nf3 O-O 8. Be2 a6 9. a4 Re8 10. O-O h6 11. Bh4 Qc7 12. Qd2 e6 13. dxe6 Rxe6 14.
Bc4 Re8 15. Rae1 Nb6 16. Ba2 Be6 17. Bxe6 Rxe6 18. f5 gxf5 19. exf5 Rxe1 20. Rxe1 Qd7 21. Bxf6 Bxf6 22. Qxh6 Qxf5 23. Ne4 Bxb2 24. Qxd6 Nxa4 25.
Ng3 Qg6 26. Qd7 b5 27. Nf5 Bf6 28. Ne5 Qh5 29. Re3 Rd8 30. Rg3+ Kf8 31. Rh3 Qd1+ 32. Qxd1 Rxd1+ 33. Kf2 Bxe5 34. Rh6 Rd2+ 35. Ke3 Rxc2 36. Rxa6 Ke8 37. Ra8+ Kd7 38. Ra7+ Ke6 39. g4 Rxh2 40. Kf3 Kd5 41. Rxf7 b4 42. Ne3+ Kc6 43. Ra7 Bd4 0-1

[Event "*** Titled Tuesday Blitz"]
[Site "Chess.com"]
[Date "2020.11.03"]
[Round "11"]
[White "Grandelicious"]
[Black "sokidze"]
[Result "1-0"]
[WhiteElo "2793"]
[BlackElo "2563"]
[TimeControl "180+1"]
[EndTime "12:10:53 PST"]
[Termination "Grandelicious won by resignation"]

1. Nf3 c5 2. e3 Nc6 3. d4 cxd4 4. exd4 d5 5. Nbd2 Bf5 6. Bb5 a6 7. Bxc6+ bxc6 8. O-O e6 9. c4 Nf6 10. Qa4 Qb6 11. Ne5 Rc8 12. Nb3 dxc4 13. Qxc4 Qb5 14. Qc3 Ne4 15. Qf3 Nf6 16. Bg5 Be7 17. Rfc1 Be4 18.
Qf4 Bd5 19. Nc5 h6 20. Bxf6 Bxf6 21. b3 O-O 22. h4 Bxe5 23. dxe5 Qe2 24. Rc3 Qh5 25.
Rg3 Rc7 26. Nxa6 Ra7 27. Nc5 Rfa8 28. a4 Kh7 29. b4 Rg8 30. Rb1 g5 31. hxg5 hxg5 32.
Qe3 g4 33. Nxe6 Bxe6 34. Qxa7 Rg6 35. f3 gxf3 36. Rxg6 Qxg6 37. Rb2 Bd5 38. Qe3 fxg2 39. Qh3+ Kg7 40. Qh4 Qd3 41. Qg5+ Kf8 42. Qd8+ Kg7 43. Rxg2+ Bxg2 44. Qxd3 1-0

[Event "*** Titled Tuesday Blitz"]
[Site "Chess.com"]
[Date "2020.11.03"]
[Round "11"]
[White "elohunter1999"]
[Black "Chernobay_Artem"]
[Result "1/2-1/2"]
[WhiteElo "2535"]
[BlackElo "2624"]
[TimeControl "180+1"]
[EndTime "12:10:53 PST"]
[Termination "Game drawn by stalemate"]

1. e4 c5 2. Nf3 d6 3. d4 cxd4 4. Nxd4 Nf6 5. Nc3 Nc6 6. Bg5 Bd7 7. Qd2 a6 8. f4 e6 9. O-O-O Be7 10. Nf3 b5 11.
Bxf6 gxf6 12. f5 Qa5 13. Kb1 h5 14. g3 Ne5 15. Nxe5 fxe5 16. Bh3 Qb6 17. Rhf1 h4 18.
fxe6 fxe6 19. gxh4 Rxh4 20. Qg2 O-O-O 21. Rf7 Re8 22.
Rd3 Kd8 23. Qg6 b4 24. Nd1 Qc6 25. Bxe6 Qxe4 26. Qxe4 Rxe4 27. Rxd6 Rd4 28. Rxd4 exd4 29. Bxd7 Kxd7 30. b3 Ke6 31. Rf2 Bg5 32. Re2+ Be3 33.
Nxe3 Kd7 34. Rd2 Rxe3 35. Rxd4+ Kc6 36. Rxb4 Rh3 37. Kb2 Rxh2 38. Rc4+ Kb5 39. a4+ Ka5 40. Ka3 Rh3 41. c3 Rh1 42. Rc6 Ra1+ 43. Kb2 Ra2+ 44. Kc1 Rc2+ 45. Kd1 Rd2+ 46. Kc1 Rc2+ 47. Kxc2 1/2-1/2

[Event "*** Titled Tuesday Blitz"]
[Site "Chess.com"]
[Date "2020.11.03"]
[Round "11"]
[White "MatyChess1"]
[Black "Igor_Lysyj"]
[Result "1/2-1/2"]
[WhiteElo "2610"]
[BlackElo "2827"]
[TimeControl "180+1"]
[EndTime "12:10:54 PST"]
[Termination "Game drawn by repetition"]

1. e4 e5 2. Nf3 Nc6 3. Bc4 Bc5 4. c3 Nf6 5. d3 d6 6. Bb3 a6 7. h3 Ba7 8. Nbd2 O-O 9. Nf1 d5 10. Qe2 dxe4 11. dxe4 Na5 12. Bc2 Be6 13. Nh4 h6 14. Ng3 Nc4 15. Qf3 Nd6 16. O-O Nfxe4 17. Nhf5 Nxg3 18.
Nxh6+ Kh8 19. Qxg3 e4 20. Ng4 Bxg4 21. hxg4 Qf6 22.
Bf4 Rae8 23. Rad1 Re6 24. Bb3 Ree8 25. Bxd6 cxd6 26. Rxd6 Qe5 27. Qh3+ Kg8 28. Rd5 Qf6 29. Rf5 Qxf5 30. gxf5 e3 31. fxe3 Rxe3 32. Qxe3 Bxe3+ 33. Kh2 Re8 34. Rd1 Bc5 35. Rd2 Kf8 36. Kh3 a5 37. Rd7 Re7 38. Rxe7 Kxe7 39. Bd5 b6 40. a4 Be3 41. Bc4 Bc1 42. b3 Bb2 43. g4 Bxc3 44.
Kg2 f6 45. Kf3 Kd6 46. Ke4 Bb2 47. Bf7 Bc3 48. Bc4 Bb4 49. Bf7 Bc3 50. Bc4 1/2-1/2

[Event "*** Titled Tuesday Blitz"]
[Site "Chess.com"]
[Date "2020.11.03"]
[Round "11"]
[White "Zq1"]
[Black "Sven_Tica"]
[Result "1-0"]
[WhiteElo "2554"]
[BlackElo "2691"]
[TimeControl "180+1"]
[EndTime "12:10:54 PST"]
[Termination "Zq1 won on time"]

1. d4 d5 2. c4 e6 3. Nc3 Nf6 4. Nf3 Nbd7 5. cxd5 exd5 6. Bf4 c6 7. e3 Be7 8. Bd3 O-O 9. h3 Re8 10. O-O Nf8 11.
Rb1 Bd6 12. Bxd6 Qxd6 13. b4 Ne4 14. Qc2 Qg6 15. Ne5 Qh5 16. Nxe4 dxe4 17. Bxe4 f6 18. Bf3 Qg5 19. Nd3 Bxh3 20. b5 Rac8 21. bxc6 bxc6 22.
Rb7 Bf5 23. Rxa7 c5 24. dxc5 Ne6 25. Qc4 Kh8 26. c6 Red8 27. Nf4 Nd4 28. exd4 Qxf4 29. Rd1 Bg6 30. Qc5 Re8 31. d5 Re5 32. Qc3 h5 33. d6 Be4 34. Bxe4 Qxe4 35. d7 Rg8 36. d8=Q Rg5 37. Qxg8+ Kxg8 38. f3 Qe2 39. g4 hxg4 40. Qd2 gxf3+ 41. Qxg5 1-0

[Event "*** Titled Tuesday Blitz"]
[Site "Chess.com"]
[Date "2020.11.03"]
[Round "11"]
[White "Fy_Rakotomaharo"]
[Black "Jospem"]
[Result "1-0"]
[WhiteElo "2648"]
[BlackElo "2965"]
[TimeControl "180+1"]
[EndTime "12:10:56 PST"]
[Termination "Fy_Rakotomaharo won by checkmate"]

1. d4 Nf6 2. Nf3 e6 3. Bg5 c5 4.
c3 Be7 5. e3 b6 6. Nbd2 Bb7 7. Bd3 O-O 8. Qe2 d5 9. Ne5 h6 10. Bh4 Nbd7 11. f4 Nxe5 12. fxe5 Ne4 13. Bxe7 Qxe7 14. Bxe4 dxe4 15. O-O f5 16. exf6 Rxf6 17.
Qg4 e5 18. Rxf6 Qxf6 19. Nxe4 Qe7 20. dxc5 bxc5 21. Rd1 Bc6 22. Qg6 Rc8 23. Rf1 Be8 24. Qg4 Rc6 25. Ng3 Rg6 26. Qc4+ Kh7 27. Qe4 Bc6 28.
Qf5 Bd7 29. Qc2 Bc6 30. Rf5 Qd6 31. c4 Bd7 32. Rf1 Bc6 33. Nf5 Qd8 34. g3 Qg5 35.
Rf2 Kh8 36. Nh4 Rf6 37. Rxf6 Qxf6 38. Qf2 Qd6 39. Nf5 Qd1+ 40. Qf1 Qc2 41. Ne7 Be8 42. Qf8+ Kh7 43. Qg8# 1-0

[Event "*** Titled Tuesday Blitz"]
[Site "Chess.com"]
[Date "2020.11.03"]
[Round "11"]
[White "Neftegor"]
[Black "vovachesss"]
[Result "1/2-1/2"]
[WhiteElo "2448"]
[BlackElo "2649"]
[TimeControl "180+1"]
[EndTime "12:10:56 PST"]
[Termination "Game drawn by stalemate"]

1. d4 Nc6 2. Nf3 d6 3. c4 g6 4.
Nc3 Bg7 5. g3 e5 6. d5 Nce7 7. Bg2 f5 8. e4 Nf6 9. O-O h6 10. Ne1 fxe4 11. Nxe4 Nxe4 12. Bxe4 Bf5 13. f3 Qd7 14. Nd3 O-O 15. Nf2 c6 16. Qd3 cxd5 17.
cxd5 Rac8 18. Be3 Qa4 19. b3 Qa5 20. Bd2 Qa3 21. Qb5 Qb2 22. Be3 Rc3 23. Bxa7 Bxe4 24. fxe4 Rcf3 25. Rae1 Qxa2 26. Qxb7 Nc8 27. Ra1 Qe2 28.
Rae1 Qa2 29. Be3 h5 30. Qb5 h4 31. Qe2 Qxb3 32. gxh4 Nb6 33. Rb1 Rxe3 34. Rxb3 Rxe2 35. Rxb6 Bh6 36. Rxd6 Kh7 37. Rd7+ Kh8 38. Ng4 Rxf1+ 39. Kxf1 Rxe4 40. Nxh6 Rxh4 41. Nf7+ Kg8 42. Nxe5 Rxh2 43.
Nxg6 Rf2+ 44. Ke1 Re2+ 45. Kd1 Rd2+ 46. Kc1 Rc2+ 47. Kb1 Rb2+ 48. Ka1 Ra2+ 49. Kb1 Rb2+ 50. Kc1 Rc2+ 51. Kd1 Rd2+ 52. Ke1 Re2+ 53. Kf1 Rf2+ 54. Kg1 Rg2+ 55. Kh1 Rh2+ 56. Kxh2 1/2-1/2

[Event "*** Titled Tuesday Blitz"]
[Site "Chess.com"]
[Date "2020.11.03"]
[Round "11"]
[White "MIJuanReyesRosa"]
[Black "alexsergeyev"]
[Result "0-1"]
[WhiteElo "2121"]
[BlackElo "2316"]
[TimeControl "180+1"]
[EndTime "12:10:56 PST"]
[Termination "alexsergeyev won on time"]

1. d4 d5 2. c4 c6 3. Nc3 Nf6 4. Nf3 dxc4 5. e3 b5 6. a4 b4 7. Na2 e6 8. Bxc4 Be7 9. O-O O-O 10. b3 c5 11. Bb2 Bb7 12. Nc1 cxd4 13. Nxd4 Nc6 14.
Nd3 Na5 15. Ne5 Nxc4 16. Nxc4 Qd5 17. Nf3 Qh5 18. Nce5 Rfd8 19. Qe2 Ne4 20. Rfd1 f6 21. Nc4 Ng5 22. Nd4 Qxe2 23. Nxe2 e5 24. Na5 Bd5 25. h4 Ne6 26. Rac1 Nc5 27. e4 Bxe4 28. Ng3 Rxd1+ 29. Rxd1 Bc2 30. Rd5 Nxb3 31. Nxb3 Bxb3 32. Nf5 Bf8 33. Rb5 Bxa4 34. Rb7 Bc6 35. Rc7 Be4 36. Ng3 Bd3 37.
h5 h6 38. Rb7 a5 39. Kh2 a4 40. f4 exf4 41. Nh1 a3 42. Ba1 Bd6 43. Nf2 Bf5 0-1

[Event "*** Titled Tuesday Blitz"]
[Site "Chess.com"]
[Date "2020.11.03"]
[Round "11"]
[White "szefru"]
[Black "grandcoach"]
[Result "0-1"]
[WhiteElo "2244"]
[BlackElo "2095"]
[TimeControl "180+1"]
[EndTime "12:10:56 PST"]
[Termination "grandcoach won by resignation"]

1. e4 c5 2. Nf3 Nc6 3. Bb5 e6 4.
O-O Nge7 5. b3 a6 6. Bxc6 Nxc6 7.
Bb2 d6 8. d4 cxd4 9. Nxd4 Bd7 10. c4 Be7 11. Nxc6 Bxc6 12. Bxg7 Rg8 13. Bb2 Bxe4 14.
f3 Bc6 15. Nd2 Bf6 16. Bxf6 Qxf6 17. Ne4 Bxe4 18. fxe4 Qe5 19. Qf3 O-O-O 20. c5 dxc5 21. Rac1 Rd2 22. g3 Rg6 23. Qe3 Rd4 24. b4 Qxe4 25.
Rxc5+ Kb8 26. Qc3 Ka7 27. Rc8 Rg5 28. Rc5 Rdd5 29. Rxd5 Rxd5 30. Re1 Qf5 31. Qe3+ Ka8 32. Rc1 Rd8 33. Qb6 Qd5 34. a4 Qd4+ 35. Qxd4 Rxd4 36.
b5 Rxa4 37. b6 Kb8 38. Rc7 Rb4 39. Rxf7 Rxb6 40. Rxh7 a5 41. Rh5 a4 42. Ra5 Ra6 43. Rb5 a3 44. Rb1 a2 45. Ra1 b5 46. h4 b4 47. h5 b3 48. h6 b2 49. h7 bxa1=Q+ 50. Kg2 Qg7 0-1

[Event "*** Titled Tuesday Blitz"]
[Site "Chess.com"]
[Date "2020.11.03"]
[Round "11"]
[White "MariaFominykh"]
[Black "BegmuratovKh2010"]
[Result "0-1"]
[WhiteElo "2341"]
[BlackElo "2466"]
[TimeControl "180+1"]
[EndTime "12:10:58 PST"]
[Termination "BegmuratovKh2010 won on time"]

1. d4 Nf6 2. c4 g6 3. Nc3 Bg7 4. Nf3 O-O 5. g3 d6 6. Bg2 Nbd7 7. O-O c6 8. Qc2 Qc7 9. h3 e5 10. Rd1 exd4 11. Nxd4 Ne5 12. b3 a6 13. Ba3 c5 14. Nf3 Bf5 15. Qd2 Rad8 16. Nh4 Be6 17. Bb2 Rfe8 18. Nd5 Bxd5 19. cxd5 b5 20. e4 Ned7 21. Re1 Re7 22. g4 Rde8 23. f3 h6 24. Bf1 Qb8 25. a4 h5 26. axb5 axb5 27. Ra5 c4 28. bxc4 bxc4 29. Bxc4 Nxe4 30. fxe4 Qxb2 31. Qxb2 Bxb2 32. Rb1 Bd4+ 33. Kg2 Rxe4 34. Nf3 hxg4 35. Nxd4 Rxd4 36. Bb5 Rd8 37. hxg4 Rxd5 38. Rb3 Ne5 39.
Ra7 Rd2+ 40. Kg3 Kg7 41. g5 Rh8 42. Rb4 Rhh2 0-1